Blackdemons vs Carnivores (R1)

Created - 10 octobre 2014 at 19:29

Goals
1 2 3 T
Blackdemons 2 2 4 8
Carnivores 1 1 0 2
Shots
1 2 3 T
Blackdemons 8 10 16 34
Carnivores 10 11 9 30

1st period

1. Blackdemons , Nate Prosser 1 (Barry Tallackson) at 12:04 (PP)
2. Blackdemons , Michael Haley 2 (Jakub Kindl, Enver Lisin) at 12:19
3. Carnivores , Matt Cullen 8 (Jeremy Welsh, Bobby Sanguinetti) at 14:34

Penalties :
Shawn Matthias (MJM) for Slashing (Minor) at 5:19, Nate Prosser (MJM) for Interference (Minor) at 9:12, Christopher DiDomenico (Bre) for High sticking (Minor) at 11:35, Blake Geoffrion (Bre) for Hooking (Minor) at 16:16

2nd period

4. Carnivores , Matt Cullen 9 (Colton Orr, Steve Mason) at 0:57 (PP)
5. Blackdemons , Brendon Nash 1 (Barry Tallackson, Shawn Matthias) at 4:47
6. Blackdemons , Barry Tallackson 5 (Andrew MacDonald, Matt Calvert) at 11:53

Penalties :
Matt Calvert (MJM) for Goalie Interference (Minor) at 0:32, Jeremy Welsh (Bre) for Interference (Minor) at 10:18, Shawn Matthias (MJM) for Tripping (Minor) at 11:01, Enver Lisin (MJM) for Roughing (Double Minor) at 16:43

3rd period

7. Blackdemons , Sam Gagner 4 (Enver Lisin) at 1:38 (PP)
8. Blackdemons , Andrew MacDonald 1 (Barry Tallackson, Shawn Matthias) at 6:01 (PP)
9. Blackdemons , Shawn Matthias 2 (Barry Tallackson, Brendon Nash) at 18:45
10. Blackdemons , Michael Haley 3 (Sam Gagner, Andrew MacDonald) at 18:53

Penalties :
Evgeny Grachev (Bre) for Hooking (Minor) at 1:29, Sam Gagner (MJM) for Hooking (Minor) at 1:56, David Schlemko (Bre) for Hooking (Minor) at 5:12, Jordie Benn (Bre) for Hooking (Minor) at 15:20, Blake Geoffrion (Bre) for Fighting (Major) at 19:24, Michael Haley (MJM) for Fighting (Major) at 19:24, Michael Haley (MJM) for instigated a fight (Minor) at 19:24, Michael Haley (MJM) for instigated a fight (10 Minutes Misconduct) at 19:24

Goalie Stats

Martin Biron (MJM), 28 saves from 30 shots - (0,933), W, 5-1-0, 60:00 minutes
Antti Raanta (Bre), 13 saves from 17 shots - (0,765), 28:07 minutes
Steve Mason (Bre), 13 saves from 17 shots - (0,765), L, 0-1-0, 31:53 minutes

Players Stats for Blackdemons

Player Name              G  A  P  +/- PIM S  H  SB GA TA FO     MP     PP MP  PK MP  
------------------------------------------------------------------------------------
Alyn McCauley            0  0  0   0  0   0  0  0  0  0  1/2    10:28   0:06   2:53 
Andrew MacDonald         1  2  3   2  0   2  1  1  0  0  0/0    14:15   3:05   0:31 
Barry Tallackson         1  4  5   3  0   4  3  1  1  1  0/0    15:17   2:59   0:45 
Brendon Nash             1  1  2   2  0   1  2  0  0  1  0/0    20:19   3:03   0:57 
Enver Lisin              0  2  2   2  4   7  1  0  0  1  2/3    20:39   3:04   1:33 
Jakub Kindl              0  1  1   1  0   2  0  7  1  1  0/0    22:51   0:00   6:44 
Luca Caputi              0  0  0   0  0   1  0  0  0  0  0/0     9:00   0:08   1:22 
Mathieu Dandenault       0  0  0  -1  0   1  2  0  0  0  0/0    14:07   0:05   6:39 
Matt Calvert             0  1  1   3  2   3  3  0  0  0  1/3    15:16   3:44   0:00 
Matt Hunwick             0  0  0   1  0   0  0  0  0  1  0/0    16:54   0:00   6:07 
Michael Haley            2  0  2   2  17  3  3  0  1  0  4/4    20:17   2:16   2:51 
Michael Kostka           0  0  0   1  0   0  1  3  0  0  0/0    23:03   3:03   5:12 
Nate Prosser             1  0  1   1  2   5  3  0  2  2  0/0    22:41   3:05   3:47 
Sam Gagner               1  1  2   2  2   3  2  0  1  0  13/27  19:12   3:03   0:02 
Scott Timmins            0  0  0  -1  0   0  0  0  0  0  0/0     7:23   0:00   0:36 
Shawn Matthias           1  2  3   2  4   2  2  0  0  0  6/12   14:29   2:58   0:00 
Steven Zalewski          0  0  0  -1  0   0  0  0  0  0  2/4     6:47   0:00   0:00 
Wayne Primeau            0  0  0   0  0   0  1  0  0  0  8/14   14:00   0:00   6:37 

Players Stats for Carnivores

Player Name              G  A  P  +/- PIM S  H  SB GA TA FO     MP     PP MP  PK MP  
------------------------------------------------------------------------------------
Anton Gustafsson         0  0  0   0  0   2  2  0  0  0  2/5     9:00   0:45   0:00 
Anton Lander             0  0  0   0  0   0  0  0  0  0  1/2     9:31   0:00   0:40 
Billy Sweat              0  0  0   0  0   0  0  0  0  0  0/0     1:44   0:00   1:06 
Blake Geoffrion          0  0  0  -5  7   3  1  1  1  0  3/3    21:33   5:22   0:49 
Bobby Sanguinetti        0  1  1  -1  0   1  1  2  0  0  0/0    18:26   4:11   2:11 
Chris Butler             0  0  0   0  0   1  0  0  1  0  0/0     8:52   0:13   0:00 
Chris Lawrence           0  0  0   0  0   2  4  1  0  2  0/2    17:03   4:52   1:23 
Christopher DiDomenico   0  0  0   0  2   0  0  0  0  0  0/0     6:57   0:00   0:00 
Colton Orr               0  1  1   0  0   3  0  0  0  1  1/1    18:51   5:49   3:47 
David Schlemko           0  0  0   0  2   0  0  0  0  0  0/0     3:33   0:00   0:00 
Evgeny Grachev           0  0  0  -4  2   3  2  0  0  0  10/27  18:39   4:52   0:00 
Jeremy Welsh             0  1  1   1  2   0  0  0  0  0  0/0    15:21   4:57   0:00 
Jordie Benn              0  0  0   0  2   0  0  1  0  0  0/0     3:54   0:00   0:00 
Keith Aulie              0  0  0  -3  0   2  2  4  1  0  0/0    29:08   7:15   3:57 
Kyle Wilson              0  0  0   0  0   0  2  0  0  0  0/0     8:36   1:35   0:00 
Lane MacDermid           0  0  0   0  0   0  0  0  0  0  0/0     1:24   0:08   0:34 
Matt Cullen              2  0  2   1  0   7  3  0  2  0  14/27  22:11   6:04   3:57 
Oliver Ekman-Larsson     0  0  0  -3  0   3  2  4  1  2  0/0    29:08   7:15   3:57 
Patrick McNeill          0  0  0   0  0   1  0  0  0  0  0/0     8:52   0:13   0:00 
Phil Oreskovic           0  0  0  -1  0   0  1  0  0  0  0/0    18:26   4:11   2:11 
Tim Conboy               0  0  0  -4  0   2  1  1  1  1  0/0    14:22   0:33   0:00 
Zack Smith               0  0  0   0  0   0  1  0  0  0  1/2     6:58   0:00   0:00 

3 Stars

1 - Barry Tallackson (MJM)
2 - Andrew MacDonald (MJM)
3 - Matt Cullen (Bre)

Power Play

Blackdemons - 3 on 6 Attempt(s) - 50,00%
Carnivores - 1 on 8 Attempt(s) - 12,50%

Penalty Kill

Blackdemons - 7 on 8 Attempt(s) - 87,50% - Score 0 goal in Penalty Kill
Carnivores - 3 on 6 Attempt(s) - 50,00% - Score 0 goal in Penalty Kill

Official

Referees : Furlatt Eric and Lee Chris
Linesman : Michel Cormier and Jay Sharrers

Game Notes

Antti Raanta enters game at 11:53 of 2nd period
Michael Haley beats up Blake Geoffrion at 19:24 of 3rd period

Finance

Level 1 -- Attendance: 1411 (70,55%) -- Ticket Income 56 440 $
Level 2 -- Attendance: 757 (75,70%) -- Ticket Income 15 140 $
Total Attendance: 2168 (72,27%)
Total Ticket Income: 71 580 $
Other Income: 3 579 $
Total Income: 75 159 $

Blackdemons

5 vs 5 Forward 
   Center                   Left Wing                Right Wing               Time % Phy DF OF 
 1 Sam Gagner               Michael Haley            Enver Lisin              40     1   1  3  
 2 Shawn Matthias           Matt Calvert             Barry Tallackson         30     3   2  0  
 3 Wayne Primeau            Luca Caputi              Alyn McCauley            20     0   4  1  
 4 Steven Zalewski          Scott Timmins            Mathieu Dandenault       10     0   5  0  

5 vs 5 Defense 
   Defense                  Defense                                           Time % Phy DF OF 
 1 Nate Prosser             Brendon Nash                                      38     1   3  1  
 2 Michael Kostka           Jakub Kindl                                       36     1   3  1  
 3 Matt Hunwick             Andrew MacDonald                                  26     1   3  1  
 4 Matt Hunwick             Andrew MacDonald                                  0      0   5  0  

PowerPlay Forward 
   Center                   Left Wing                Right Wing               Time % Phy DF OF 
 1 Sam Gagner               Matt Calvert             Enver Lisin              60     1   0  4  
 2 Shawn Matthias           Michael Haley            Barry Tallackson         40     3   0  2  

PowerPlay Defense
   Defense                  Defense                                           Time % Phy DF OF 
 1 Michael Kostka           Brendon Nash                                      60     1   2  2  
 2 Nate Prosser             Andrew MacDonald                                  40     1   2  2  

Penalty Kill 4 Players Forward 
   Center                   Wing                     Time % Phy DF OF 
 1 Wayne Primeau            Mathieu Dandenault       70     1   4  0  
 2 Alyn McCauley            Barry Tallackson         30     0   4  1  

Penalty Kill 4 Players Defense
   Defense                  Defense                  Time % Phy DF OF 
 1 Matt Hunwick             Jakub Kindl              60     1   4  0  
 2 Nate Prosser             Michael Kostka           40     1   3  1  

Penalty Kill - 3 Players Forward 
   Forward                                           Time % Phy DF OF 
 1 Wayne Primeau                                     60     0   5  0  
 2 Mathieu Dandenault                                40     0   5  0  

Penalty Kill - 3 Players Defense
   Defense                  Defense                  Time % Phy DF OF 
 1 Matt Hunwick             Jakub Kindl              60     1   4  0  
 2 Nate Prosser             Michael Kostka           40     1   4  0  

4 vs 4 Forward 
   Center                   Wing                     Time % Phy DF OF 
 1 Sam Gagner               Enver Lisin              60     0   3  2  
 2 Shawn Matthias           Barry Tallackson         40     1   3  1  

4 vs 4 Defense
   Defense                  Defense                  Time % Phy DF OF 
 1 Brendon Nash             Andrew MacDonald         60     1   3  1  
 2 Michael Kostka           Jakub Kindl              40     1   3  1  

Last Minutes Offensive
   Center                   Left Wing                Right Wing               Defense                  Defense                  
   Sam Gagner               Shawn Matthias           Enver Lisin              Michael Kostka           Brendon Nash             

Last Minutes Defensive
   Center                   Left Wing                Right Wing               Defense                  Defense                  
   Wayne Primeau            Alyn McCauley            Barry Tallackson         Matt Hunwick             Nate Prosser             

Goaltenders
Starting : Martin Biron             
Backup : Matt Hackett             

Extra Forwards
Normal : Matt Calvert, Steven Zalewski, Shawn Matthias - PP : Matt Calvert, Luca Caputi - PK : Enver Lisin
Extra Defensemen
Normal : Brendon Nash, Jakub Kindl, Andrew MacDonald - PP : Jakub Kindl - PK : Brendon Nash, Andrew MacDonald
Penalty Shots
Barry Tallackson, Enver Lisin, Shawn Matthias, Wayne Primeau, Alyn McCauley

Carnivores

5 vs 5 Forward 
   Center                   Left Wing                Right Wing               Time % Phy DF OF 
 1 Evgeny Grachev           Blake Geoffrion          Tim Conboy               40     1   2  2  
 2 Matt Cullen              Jeremy Welsh             Chris Lawrence           30     1   2  2  
 3 Anton Gustafsson         Anton Lander             Colton Orr               20     1   2  2  
 4 Zack Smith               Christopher DiDomenico   Kyle Wilson              10     1   2  2  

5 vs 5 Defense 
   Defense                  Defense                                           Time % Phy DF OF 
 1 Keith Aulie              Oliver Ekman-Larsson                              40     1   2  2  
 2 Phil Oreskovic           Bobby Sanguinetti                                 30     1   2  2  
 3 Patrick McNeill          Chris Butler                                      20     1   2  2  
 4 Jordie Benn              David Schlemko                                    10     1   2  2  

PowerPlay Forward 
   Center                   Left Wing                Right Wing               Time % Phy DF OF 
 1 Matt Cullen              Blake Geoffrion          Colton Orr               60     1   2  2  
 2 Evgeny Grachev           Jeremy Welsh             Chris Lawrence           40     1   2  2  

PowerPlay Defense
   Defense                  Defense                                           Time % Phy DF OF 
 1 Keith Aulie              Oliver Ekman-Larsson                              60     1   2  2  
 2 Phil Oreskovic           Bobby Sanguinetti                                 40     1   2  2  

Penalty Kill 4 Players Forward 
   Center                   Wing                     Time % Phy DF OF 
 1 Matt Cullen              Colton Orr               60     1   2  2  
 2 Blake Geoffrion          Chris Lawrence           40     1   2  2  

Penalty Kill 4 Players Defense
   Defense                  Defense                  Time % Phy DF OF 
 1 Keith Aulie              Oliver Ekman-Larsson     60     1   2  2  
 2 Phil Oreskovic           Bobby Sanguinetti        40     1   2  2  

Penalty Kill - 3 Players Forward 
   Forward                                           Time % Phy DF OF 
 1 Matt Cullen                                       60     1   2  2  
 2 Colton Orr                                        40     1   2  2  

Penalty Kill - 3 Players Defense
   Defense                  Defense                  Time % Phy DF OF 
 1 Keith Aulie              Oliver Ekman-Larsson     60     1   2  2  
 2 Phil Oreskovic           Bobby Sanguinetti        40     1   2  2  

4 vs 4 Forward 
   Center                   Wing                     Time % Phy DF OF 
 1 Matt Cullen              Colton Orr               60     1   2  2  
 2 Blake Geoffrion          Chris Lawrence           40     1   2  2  

4 vs 4 Defense
   Defense                  Defense                  Time % Phy DF OF 
 1 Keith Aulie              Oliver Ekman-Larsson     60     1   2  2  
 2 Phil Oreskovic           Bobby Sanguinetti        40     1   2  2  

Last Minutes Offensive
   Center                   Left Wing                Right Wing               Defense                  Defense                  
   Matt Cullen              Blake Geoffrion          Colton Orr               Keith Aulie              Oliver Ekman-Larsson     

Last Minutes Defensive
   Center                   Left Wing                Right Wing               Defense                  Defense                  
   Matt Cullen              Blake Geoffrion          Colton Orr               Keith Aulie              Oliver Ekman-Larsson     

Goaltenders
Starting : Steve Mason              
Backup : Antti Raanta             

Extra Forwards
Normal : Kyle Wilson, Anton Gustafsson, Billy Sweat - PP : Kyle Wilson, Anton Gustafsson - PK : Billy Sweat
Extra Defensemen
Normal : Patrick McNeill, Chris Butler, Jordie Benn - PP : Patrick McNeill - PK : Chris Butler, Jordie Benn
Penalty Shots
Blake Geoffrion, Jeremy Welsh, Evgeny Grachev, Tim Conboy, Matt Cullen

% Time on Ice - Blackdemons

Lines # - Real PCT - Wanted PCT - Time Play
Normal Forward
1 - 39% - 40% - 15:47
2 - 28% - 30% - 11:16
3 - 17% - 20% - 7:07
4 - 17% - 10% - 6:47
Normal Defense
1 - 40% - 38% - 16:19
2 - 37% - 36% - 15:16
3 - 23% - 26% - 9:22
4 - 0% - 0% - 0:00
PP Forward
1 - 51% - 60% - 3:09
2 - 49% - 40% - 2:59
PP Defense
1 - 50% - 60% - 3:03
2 - 50% - 40% - 3:05
PK Forward
1 - 94% - 70% - 10:54
2 - 6% - 30% - 0:45
PK Defense
1 - 55% - 60% - 6:21
2 - 45% - 40% - 5:18
PK3 Forward
1 - 0% - 60%
2 - 0% - 40%
PK3 Defense
1 - 0% - 60%
2 - 0% - 40%
44 Forward
1 - 78% - 60% - 0:59
2 - 22% - 40% - 0:17
44 Defense
1 - 68% - 60% - 0:52
2 - 32% - 40% - 0:24
Last Minute Offensive  - 0:00
Last Minute Defensive  - 0:00
Total
Forward - 60:00
Defense - 60:00

% Time on Ice - Carnivores

Lines # - Real PCT - Wanted PCT - Time Play
Normal Forward
1 - 38% - 40% - 15:25
2 - 25% - 30% - 10:25
3 - 20% - 20% - 8:09
4 - 17% - 10% - 6:58
Normal Defense
1 - 42% - 40% - 17:06
2 - 28% - 30% - 11:38
3 - 21% - 20% - 8:39
4 - 9% - 10% - 3:34
PP Forward
1 - 58% - 60% - 6:47
2 - 42% - 40% - 4:52
PP Defense
1 - 64% - 60% - 7:28
2 - 36% - 40% - 4:11
PK Forward
1 - 77% - 60% - 4:45
2 - 23% - 40% - 1:23
PK Defense
1 - 64% - 60% - 3:57
2 - 36% - 40% - 2:11
PK3 Forward
1 - 0% - 60%
2 - 0% - 40%
PK3 Defense
1 - 0% - 60%
2 - 0% - 40%
44 Forward
1 - 70% - 60% - 0:53
2 - 30% - 40% - 0:23
44 Defense
1 - 66% - 60% - 0:50
2 - 34% - 40% - 0:26
Last Minute Offensive  - 0:00
Last Minute Defensive  - 0:00
Total
Forward - 60:00
Defense - 60:00

Play by Play

1st period


0:01 of 1st period - Michael Haley wins face-off versus Evgeny Grachev in neutral zone.
0:14 of 1st period - Slapshot by Sam Gagner.
0:14 of 1st period - Shot Blocked by Keith Aulie.
0:30 of 1st period - Backhand shot by Nate Prosser.
0:30 of 1st period - Deflect By Barry Tallackson.
0:30 of 1st period - Stopped by Steve Mason with a rebound.
1:04 of 1st period - Icing by Phil Oreskovic.
1:05 of 1st period - Zack Smith wins face-off versus Steven Zalewski in Carnivores zone.
2:38 of 1st period - Snap shot by Blake Geoffrion.
2:38 of 1st period - Stopped by Martin Biron with a rebound.
3:20 of 1st period - Wrist shot by Matt Cullen.
3:20 of 1st period - Stopped by Martin Biron without a rebound.
3:21 of 1st period - Sam Gagner wins face-off versus Evgeny Grachev in Blackdemons zone.
3:21 of 1st period - Sam Gagner is hit by Oliver Ekman-Larsson.
3:36 of 1st period - Michael Haley is hit by Evgeny Grachev and loses puck.
3:47 of 1st period - Enver Lisin is hit by Oliver Ekman-Larsson.
3:48 of 1st period - Icing by Enver Lisin.
3:49 of 1st period - Michael Haley wins face-off versus Anton Lander in Blackdemons zone.
4:06 of 1st period - Wrist shot by Sam Gagner.
4:06 of 1st period - Shot Hit the Post.
4:12 of 1st period - Jakub Kindl is hit by Anton Gustafsson and loses puck.
4:31 of 1st period - Wrist shot by Anton Gustafsson.
4:31 of 1st period - Shot Misses the Net.
4:33 of 1st period - Slapshot by Keith Aulie.
4:33 of 1st period - Shot Blocked by Jakub Kindl.
4:43 of 1st period - Slapshot by Bobby Sanguinetti.
4:43 of 1st period - Shot Misses the Net.
4:45 of 1st period - Snap shot by Bobby Sanguinetti.
4:45 of 1st period - Stopped by Martin Biron with a rebound.
4:47 of 1st period - Snap shot by Colton Orr.
4:47 of 1st period - Shot Blocked by Jakub Kindl.
4:57 of 1st period - Snap shot by Colton Orr.
4:57 of 1st period - Stopped by Martin Biron without a rebound.
4:58 of 1st period - Evgeny Grachev wins face-off versus Shawn Matthias in Blackdemons zone.
5:19 of 1st period - Minor Penalty to Shawn Matthias for Slashing.
5:20 of 1st period - Wayne Primeau wins face-off versus Evgeny Grachev in Blackdemons zone.
7:19 of 1st period - Penalty to Shawn Matthias is over, Shawn Matthias is back on ice.
7:32 of 1st period - Kyle Wilson is hit by Andrew MacDonald and loses puck.
8:54 of 1st period - Icing by Wayne Primeau.
8:55 of 1st period - Anton Lander wins face-off versus Wayne Primeau in Blackdemons zone.
9:02 of 1st period - Snap shot by Chris Lawrence.
9:02 of 1st period - Stopped by Martin Biron with a rebound.
9:04 of 1st period - Snap shot by Matt Cullen.
9:04 of 1st period - Stopped by Martin Biron with a rebound.
9:06 of 1st period - Slapshot by Chris Butler.
9:06 of 1st period - Shot Misses the Net.
9:12 of 1st period - Minor Penalty to Nate Prosser for Interference.
9:13 of 1st period - Wayne Primeau wins face-off versus Matt Cullen in Blackdemons zone.
10:30 of 1st period - Snap shot by Enver Lisin.
10:30 of 1st period - Stopped by Steve Mason with a rebound.
10:42 of 1st period - Colton Orr is hit by Barry Tallackson and loses puck.
11:12 of 1st period - Penalty to Nate Prosser is over, Nate Prosser is back on ice.
11:23 of 1st period - Slapshot by Nate Prosser.
11:23 of 1st period - Stopped by Steve Mason with a rebound.
11:25 of 1st period - Slapshot by Brendon Nash.
11:25 of 1st period - Shot Misses the Net.
11:35 of 1st period - Minor Penalty to Christopher DiDomenico for High sticking.
11:36 of 1st period - Matt Cullen wins face-off versus Sam Gagner in Carnivores zone.
12:04 of 1st period - Slapshot by Nate Prosser.
12:04 of 1st period - Goal by Nate Prosser - Blackdemons : 1 - Carnivores : 0.
12:05 of 1st period - Sam Gagner wins face-off versus Evgeny Grachev in neutral zone.
12:08 of 1st period - Keith Aulie is hit by Enver Lisin and loses puck.
12:15 of 1st period - Snap shot by Enver Lisin.
12:15 of 1st period - Shot Misses the Net.
12:17 of 1st period - Snap shot by Jakub Kindl.
12:17 of 1st period - Stopped by Steve Mason with a rebound.
12:19 of 1st period - Wrist shot by Michael Haley.
12:19 of 1st period - Goal by Michael Haley - Blackdemons : 2 - Carnivores : 0.
12:20 of 1st period - Michael Haley wins face-off versus Evgeny Grachev in neutral zone.
12:28 of 1st period - Snap shot by Blake Geoffrion.
12:28 of 1st period - Shot Blocked by Michael Kostka.
12:30 of 1st period - Wrist shot by Evgeny Grachev.
12:30 of 1st period - Stopped by Martin Biron without a rebound.
12:31 of 1st period - Shawn Matthias wins face-off versus Evgeny Grachev in Blackdemons zone.
12:42 of 1st period - Wrist shot by Shawn Matthias.
12:42 of 1st period - Shot Misses the Net.
12:44 of 1st period - Slapshot by Nate Prosser.
12:44 of 1st period - Deflect By Oliver Ekman-Larsson.
12:44 of 1st period - Stopped by Steve Mason without a rebound.
12:45 of 1st period - Matt Cullen wins face-off versus Sam Gagner in Carnivores zone.
12:58 of 1st period - Slapshot by Matt Cullen.
12:58 of 1st period - Shot Blocked by Michael Kostka.
13:00 of 1st period - Snap shot by Oliver Ekman-Larsson.
13:00 of 1st period - Shot Blocked by Jakub Kindl.
13:10 of 1st period - Blake Geoffrion is hit by Matt Calvert and loses puck.
13:33 of 1st period - Wrist shot by Alyn McCauley.
13:33 of 1st period - Shot Blocked by Oliver Ekman-Larsson.
13:50 of 1st period - Off-side.
13:51 of 1st period - Steven Zalewski wins face-off versus Matt Cullen in neutral zone.
13:56 of 1st period - Snap shot by Mathieu Dandenault.
13:56 of 1st period - Shot Blocked by Chris Lawrence.
14:15 of 1st period - Bobby Sanguinetti is hit by Nate Prosser and loses puck.
14:26 of 1st period - Wrist shot by Chris Lawrence.
14:26 of 1st period - Stopped by Martin Biron with a rebound.
14:28 of 1st period - Slapshot by Phil Oreskovic.
14:28 of 1st period - Shot Misses the Net.
14:30 of 1st period - Slapshot by Bobby Sanguinetti.
14:30 of 1st period - Deflect By Matt Cullen.
14:30 of 1st period - Stopped by Martin Biron with a rebound.
14:32 of 1st period - Wrist shot by Jeremy Welsh.
14:32 of 1st period - Shot Misses the Net.
14:34 of 1st period - Wrist shot by Matt Cullen.
14:34 of 1st period - Goal by Matt Cullen - Blackdemons : 2 - Carnivores : 1.
14:35 of 1st period - Sam Gagner wins face-off versus Evgeny Grachev in neutral zone.
14:46 of 1st period - Snap shot by Enver Lisin.
14:46 of 1st period - Stopped by Steve Mason without a rebound.
14:47 of 1st period - Sam Gagner wins face-off versus Evgeny Grachev in Carnivores zone.
15:32 of 1st period - Snap shot by Barry Tallackson.
15:32 of 1st period - Shot Misses the Net.
15:54 of 1st period - Wrist shot by Andrew MacDonald.
15:54 of 1st period - Shot Misses the Net.
16:12 of 1st period - Slapshot by Michael Kostka.
16:12 of 1st period - Shot Blocked by Blake Geoffrion.
16:14 of 1st period - Snap shot by Sam Gagner.
16:14 of 1st period - Shot Misses the Net.
16:16 of 1st period - Minor Penalty to Blake Geoffrion for Hooking.
16:17 of 1st period - Matt Calvert wins face-off versus Matt Cullen in Carnivores zone.
16:42 of 1st period - Matt Cullen is hit by Barry Tallackson.
16:52 of 1st period - Phil Oreskovic is hit by Michael Haley and loses puck.
17:19 of 1st period - Snap shot by Chris Lawrence.
17:19 of 1st period - Shot Misses the Net.
18:16 of 1st period - Penalty to Blake Geoffrion is over, Blake Geoffrion is back on ice.
18:20 of 1st period - Oliver Ekman-Larsson is hit by Brendon Nash and loses puck.
18:51 of 1st period - Snap shot by Alyn McCauley.
18:51 of 1st period - Shot Misses the Net.
19:38 of 1st period - Snap shot by Evgeny Grachev.
19:38 of 1st period - Shot Misses the Net.
Goals for this period are 2 for Blackdemons vs 1 for Carnivores.
Shots for this period are 8 for Blackdemons vs 10 for Carnivores.

2nd period


0:01 of 2nd period - Sam Gagner wins face-off versus Evgeny Grachev in neutral zone.
0:32 of 2nd period - Minor Penalty to Matt Calvert for Goalie Interference.
0:33 of 2nd period - Matt Cullen wins face-off versus Wayne Primeau in Blackdemons zone.
0:41 of 2nd period - Snap shot by Matt Cullen.
0:41 of 2nd period - Shot Blocked by Jakub Kindl.
0:43 of 2nd period - Slapshot by Oliver Ekman-Larsson.
0:43 of 2nd period - Stopped by Martin Biron with a rebound.
0:45 of 2nd period - Slapshot by Keith Aulie.
0:45 of 2nd period - Stopped by Martin Biron without a rebound.
0:46 of 2nd period - Colton Orr wins face-off versus Wayne Primeau in Blackdemons zone.
0:47 of 2nd period - Snap shot by Matt Cullen.
0:47 of 2nd period - Shot Blocked by Jakub Kindl.
0:57 of 2nd period - Slapshot by Matt Cullen.
0:57 of 2nd period - Goal by Matt Cullen - Blackdemons : 2 - Carnivores : 2.
0:58 of 2nd period - Evgeny Grachev wins face-off versus Sam Gagner in neutral zone.
1:03 of 2nd period - Michael Kostka is hit by Blake Geoffrion and loses puck.
1:18 of 2nd period - Keith Aulie is hit by Sam Gagner and loses puck.
1:25 of 2nd period - Enver Lisin is hit by Keith Aulie and loses puck.
1:40 of 2nd period - Snap shot by Sam Gagner.
1:40 of 2nd period - Stopped by Steve Mason with a rebound.
1:50 of 2nd period - Wrist shot by Blake Geoffrion.
1:50 of 2nd period - Stopped by Martin Biron without a rebound.
1:51 of 2nd period - Shawn Matthias wins face-off versus Chris Lawrence in Blackdemons zone.
2:21 of 2nd period - Slapshot by Nate Prosser.
2:21 of 2nd period - Shot Misses the Net.
2:23 of 2nd period - Slapshot by Brendon Nash.
2:23 of 2nd period - Shot Blocked by Bobby Sanguinetti.
2:25 of 2nd period - Wrist shot by Luca Caputi.
2:25 of 2nd period - Stopped by Steve Mason without a rebound.
2:26 of 2nd period - Wayne Primeau wins face-off versus Matt Cullen in Carnivores zone.
2:51 of 2nd period - Anton Gustafsson is hit by Barry Tallackson and loses puck.
3:20 of 2nd period - Snap shot by Blake Geoffrion.
3:20 of 2nd period - Shot Misses the Net.
3:24 of 2nd period - Wrist shot by Blake Geoffrion.
3:24 of 2nd period - Stopped by Martin Biron without a rebound.
3:25 of 2nd period - Matt Cullen wins face-off versus Matt Calvert in Blackdemons zone.
4:11 of 2nd period - Wrist shot by Colton Orr.
4:11 of 2nd period - Stopped by Martin Biron without a rebound.
4:12 of 2nd period - Anton Gustafsson wins face-off versus Alyn McCauley in Blackdemons zone.
4:19 of 2nd period - Colton Orr is hit by Nate Prosser and loses puck.
4:26 of 2nd period - Slapshot by Brendon Nash.
4:26 of 2nd period - Shot Misses the Net.
4:28 of 2nd period - Snap shot by Nate Prosser.
4:28 of 2nd period - Stopped by Steve Mason without a rebound.
4:29 of 2nd period - Evgeny Grachev wins face-off versus Sam Gagner in Carnivores zone.
4:41 of 2nd period - Off-side.
4:42 of 2nd period - Shawn Matthias wins face-off versus Evgeny Grachev in neutral zone.
4:47 of 2nd period - Slapshot by Brendon Nash.
4:47 of 2nd period - Goal by Brendon Nash - Blackdemons : 3 - Carnivores : 2.
4:48 of 2nd period - Shawn Matthias wins face-off versus Evgeny Grachev in neutral zone.
5:05 of 2nd period - Michael Kostka is hit by Tim Conboy.
5:43 of 2nd period - Snap shot by Mathieu Dandenault.
5:43 of 2nd period - Shot Misses the Net.
5:54 of 2nd period - Jeremy Welsh is hit by Mathieu Dandenault and loses puck.
6:03 of 2nd period - Slapshot by Matt Cullen.
6:03 of 2nd period - Shot Misses the Net.
6:10 of 2nd period - Brendon Nash is hit by Chris Lawrence and loses puck.
6:31 of 2nd period - Snap shot by Blake Geoffrion.
6:31 of 2nd period - Shot Misses the Net.
6:36 of 2nd period - Off-side.
6:37 of 2nd period - Anton Gustafsson wins face-off versus Sam Gagner in neutral zone.
6:44 of 2nd period - Snap shot by Jakub Kindl.
6:44 of 2nd period - Shot Misses the Net.
7:21 of 2nd period - Snap shot by Patrick McNeill.
7:21 of 2nd period - Stopped by Martin Biron with a rebound.
7:25 of 2nd period - Snap shot by Kyle Wilson.
7:25 of 2nd period - Shot Blocked by Andrew MacDonald.
8:27 of 2nd period - Blake Geoffrion is hit by Shawn Matthias and loses puck.
8:38 of 2nd period - Mathieu Dandenault is hit by Phil Oreskovic and loses puck.
8:59 of 2nd period - Slapshot by Oliver Ekman-Larsson.
8:59 of 2nd period - Stopped by Martin Biron with a rebound.
9:04 of 2nd period - Off-side.
9:05 of 2nd period - Matt Cullen wins face-off versus Sam Gagner in neutral zone.
9:08 of 2nd period - Michael Haley is hit by Matt Cullen and loses puck.
9:40 of 2nd period - Anton Lander is hit by Michael Kostka.
9:51 of 2nd period - Icing by Michael Kostka.
9:52 of 2nd period - Blake Geoffrion wins face-off versus Sam Gagner in Blackdemons zone.
10:18 of 2nd period - Minor Penalty to Jeremy Welsh for Interference.
10:19 of 2nd period - Matt Cullen wins face-off versus Matt Calvert in Carnivores zone.
10:19 of 2nd period - Keith Aulie is hit by Matt Calvert and loses puck.
10:23 of 2nd period - Snap shot by Barry Tallackson.
10:23 of 2nd period - Shot Hit the Post.
10:25 of 2nd period - Wrist shot by Matt Calvert.
10:25 of 2nd period - Stopped by Steve Mason without a rebound.
10:26 of 2nd period - Shawn Matthias wins face-off versus Matt Cullen in Carnivores zone.
10:29 of 2nd period - Wrist shot by Shawn Matthias.
10:29 of 2nd period - Stopped by Steve Mason with a rebound.
10:31 of 2nd period - Snap shot by Matt Calvert.
10:31 of 2nd period - Shot Misses the Net.
10:33 of 2nd period - Slapshot by Nate Prosser.
10:33 of 2nd period - Stopped by Steve Mason with a rebound.
10:35 of 2nd period - Wrist shot by Matt Calvert.
10:35 of 2nd period - Stopped by Steve Mason with a rebound.
10:37 of 2nd period - Wrist shot by Barry Tallackson.
10:37 of 2nd period - Shot Misses the Net.
11:01 of 2nd period - Minor Penalty to Shawn Matthias for Tripping.
11:02 of 2nd period - Sam Gagner wins face-off versus Matt Cullen in Blackdemons zone.
11:09 of 2nd period - Slapshot by Brendon Nash.
11:09 of 2nd period - Shot Blocked by Oliver Ekman-Larsson.
11:11 of 2nd period - Slapshot by Brendon Nash.
11:11 of 2nd period - Shot Blocked by Oliver Ekman-Larsson.
11:13 of 2nd period - Wrist shot by Enver Lisin.
11:13 of 2nd period - Shot Blocked by Keith Aulie.
11:49 of 2nd period - Snap shot by Matt Calvert.
11:49 of 2nd period - Shot Misses the Net.
11:51 of 2nd period - Snap shot by Andrew MacDonald.
11:51 of 2nd period - Shot Blocked by Bobby Sanguinetti.
11:53 of 2nd period - Slapshot by Andrew MacDonald.
11:53 of 2nd period - Deflect By Barry Tallackson.
11:53 of 2nd period - Goal by Barry Tallackson - Blackdemons : 4 - Carnivores : 2.
11:53 of 2nd period - Antti Raanta enters game.
11:54 of 2nd period - Matt Cullen wins face-off versus Sam Gagner in neutral zone.
12:05 of 2nd period - Sam Gagner is hit by Keith Aulie and loses puck.
12:18 of 2nd period - Penalty to Jeremy Welsh is over, Jeremy Welsh is back on ice.
12:34 of 2nd period - Wrist shot by Evgeny Grachev.
12:34 of 2nd period - Deflect By Jeremy Welsh.
12:34 of 2nd period - Shot Blocked by Michael Kostka.
12:34 of 2nd period - Puck is out of play.
12:35 of 2nd period - Wayne Primeau wins face-off versus Chris Lawrence in Blackdemons zone.
13:01 of 2nd period - Penalty to Shawn Matthias is over, Shawn Matthias is back on ice.
14:13 of 2nd period - Off-side.
14:14 of 2nd period - Michael Haley wins face-off versus Anton Gustafsson in neutral zone.
14:42 of 2nd period - Snap shot by Mathieu Dandenault.
14:42 of 2nd period - Shot Misses the Net.
14:44 of 2nd period - Wrist shot by Mathieu Dandenault.
14:44 of 2nd period - Stopped by Antti Raanta without a rebound.
14:45 of 2nd period - Evgeny Grachev wins face-off versus Shawn Matthias in Carnivores zone.
14:52 of 2nd period - Slapshot by Blake Geoffrion.
14:52 of 2nd period - Shot Misses the Net.
15:00 of 2nd period - Wrist shot by Tim Conboy.
15:00 of 2nd period - Stopped by Martin Biron with a rebound.
15:38 of 2nd period - Slapshot by Keith Aulie.
15:38 of 2nd period - Stopped by Martin Biron with a rebound.
15:40 of 2nd period - Backhand shot by Anton Lander.
15:40 of 2nd period - Shot Misses the Net.
15:50 of 2nd period - Oliver Ekman-Larsson is hit by Mathieu Dandenault and loses puck.
16:12 of 2nd period - Off-side.
16:13 of 2nd period - Matt Cullen wins face-off versus Shawn Matthias in neutral zone.
16:24 of 2nd period - Snap shot by Chris Lawrence.
16:24 of 2nd period - Shot Misses the Net.
16:26 of 2nd period - Wrist shot by Chris Lawrence.
16:26 of 2nd period - Shot Hit the Post.
16:28 of 2nd period - Wrist shot by Matt Cullen.
16:28 of 2nd period - Stopped by Martin Biron with a rebound.
16:43 of 2nd period - Double Minor Penalty to Enver Lisin for Roughing.
16:44 of 2nd period - Wayne Primeau wins face-off versus Matt Cullen in Blackdemons zone.
16:44 of 2nd period - Wayne Primeau is hit by Matt Cullen.
16:57 of 2nd period - Wrist shot by Matt Cullen.
16:57 of 2nd period - Shot Misses the Net.
16:59 of 2nd period - Snap shot by Blake Geoffrion.
16:59 of 2nd period - Shot Blocked by Jakub Kindl.
17:12 of 2nd period - Off-side.
17:13 of 2nd period - Wayne Primeau wins face-off versus Evgeny Grachev in neutral zone.
Goals for this period are 2 for Blackdemons vs 1 for Carnivores.
Shots for this period are 10 for Blackdemons vs 11 for Carnivores.

3rd period


0:01 of 3rd period - Wayne Primeau wins face-off versus Matt Cullen in neutral zone.
0:43 of 3rd period - Penalty to Enver Lisin is over, Enver Lisin is back on ice.
1:03 of 3rd period - Bobby Sanguinetti is hit by Brendon Nash.
1:07 of 3rd period - Brendon Nash is hit by Kyle Wilson and loses puck.
1:29 of 3rd period - Minor Penalty to Evgeny Grachev for Hooking.
1:30 of 3rd period - Sam Gagner wins face-off versus Matt Cullen in Carnivores zone.
1:38 of 3rd period - Snap shot by Sam Gagner.
1:38 of 3rd period - Goal by Sam Gagner - Blackdemons : 5 - Carnivores : 2.
1:39 of 3rd period - Evgeny Grachev wins face-off versus Sam Gagner in neutral zone.
1:42 of 3rd period - Michael Kostka is hit by Evgeny Grachev and loses puck.
1:56 of 3rd period - Minor Penalty to Sam Gagner for Hooking.
1:57 of 3rd period - Blake Geoffrion wins face-off versus Wayne Primeau in Blackdemons zone.
3:03 of 3rd period - Mathieu Dandenault is hit by Bobby Sanguinetti and loses puck.
3:50 of 3rd period - Wrist shot by Anton Gustafsson.
3:50 of 3rd period - Stopped by Martin Biron with a rebound.
3:52 of 3rd period - Wrist shot by Anton Gustafsson.
3:52 of 3rd period - Deflect By Kyle Wilson.
3:52 of 3rd period - Shot Misses the Net.
3:52 of 3rd period - Puck is out of play.
3:53 of 3rd period - Alyn McCauley wins face-off versus Matt Cullen in Blackdemons zone.
3:56 of 3rd period - Penalty to Sam Gagner is over, Sam Gagner is back on ice.
4:20 of 3rd period - Bobby Sanguinetti is hit by Sam Gagner.
4:38 of 3rd period - Blake Geoffrion is hit by Nate Prosser and loses puck.
4:57 of 3rd period - Snap shot by Mathieu Dandenault.
4:57 of 3rd period - Shot Blocked by Jordie Benn.
4:59 of 3rd period - Snap shot by Brendon Nash.
4:59 of 3rd period - Shot Misses the Net.
5:01 of 3rd period - Snap shot by Scott Timmins.
5:01 of 3rd period - Shot Misses the Net.
5:12 of 3rd period - Minor Penalty to David Schlemko for Hooking.
5:13 of 3rd period - Enver Lisin wins face-off versus Matt Cullen in Carnivores zone.
5:23 of 3rd period - Slapshot by Enver Lisin.
5:23 of 3rd period - Stopped by Antti Raanta with a rebound.
5:25 of 3rd period - Wrist shot by Matt Calvert.
5:25 of 3rd period - Stopped by Antti Raanta without a rebound.
5:26 of 3rd period - Sam Gagner wins face-off versus Matt Cullen in Carnivores zone.
6:01 of 3rd period - Wrist shot by Andrew MacDonald.
6:01 of 3rd period - Goal by Andrew MacDonald - Blackdemons : 6 - Carnivores : 2.
6:02 of 3rd period - Evgeny Grachev wins face-off versus Sam Gagner in neutral zone.
6:08 of 3rd period - Snap shot by Sam Gagner.
6:08 of 3rd period - Shot Misses the Net.
6:10 of 3rd period - Slapshot by Jakub Kindl.
6:10 of 3rd period - Shot Blocked by Keith Aulie.
6:12 of 3rd period - Snap shot by Sam Gagner.
6:12 of 3rd period - Shot Blocked by Keith Aulie.
6:14 of 3rd period - Snap shot by Jakub Kindl.
6:14 of 3rd period - Stopped by Antti Raanta with a rebound.
6:16 of 3rd period - Wrist shot by Enver Lisin.
6:16 of 3rd period - Stopped by Antti Raanta without a rebound.
6:17 of 3rd period - Matt Cullen wins face-off versus Shawn Matthias in Carnivores zone.
6:22 of 3rd period - Slapshot by Chris Lawrence.
6:22 of 3rd period - Shot Misses the Net.
6:24 of 3rd period - Wrist shot by Chris Lawrence.
6:24 of 3rd period - Deflect By Matt Cullen.
6:24 of 3rd period - Deflect By Shawn Matthias.
6:24 of 3rd period - Shot Misses the Net.
6:24 of 3rd period - Puck is out of play.
6:25 of 3rd period - Matt Cullen wins face-off versus Shawn Matthias in Blackdemons zone.
6:56 of 3rd period - Snap shot by Anton Gustafsson.
6:56 of 3rd period - Stopped by Martin Biron without a rebound.
6:57 of 3rd period - Sam Gagner wins face-off versus Anton Gustafsson in Blackdemons zone.
7:02 of 3rd period - Slapshot by Andrew MacDonald.
7:02 of 3rd period - Stopped by Antti Raanta with a rebound.
7:07 of 3rd period - Off-side.
7:08 of 3rd period - Blake Geoffrion wins face-off versus Enver Lisin in neutral zone.
7:33 of 3rd period - Barry Tallackson is hit by Chris Lawrence and loses puck.
7:40 of 3rd period - Snap shot by Matt Cullen.
7:40 of 3rd period - Shot Misses the Net.
8:08 of 3rd period - Wayne Primeau is hit by Anton Gustafsson and loses puck.
8:25 of 3rd period - Snap shot by Sam Gagner.
8:25 of 3rd period - Stopped by Antti Raanta with a rebound.
8:29 of 3rd period - Snap shot by Enver Lisin.
8:29 of 3rd period - Stopped by Antti Raanta with a rebound.
8:46 of 3rd period - Off-side.
8:47 of 3rd period - Evgeny Grachev wins face-off versus Shawn Matthias in neutral zone.
8:58 of 3rd period - Snap shot by Evgeny Grachev.
8:58 of 3rd period - Stopped by Martin Biron with a rebound.
9:06 of 3rd period - Evgeny Grachev is hit by Matt Calvert and loses puck.
9:43 of 3rd period - Snap shot by Anton Gustafsson.
9:43 of 3rd period - Shot Misses the Net.
9:57 of 3rd period - Steven Zalewski is hit by Zack Smith and loses puck.
10:18 of 3rd period - Slapshot by Keith Aulie.
10:18 of 3rd period - Shot Blocked by Barry Tallackson.
10:20 of 3rd period - Wrist shot by Tim Conboy.
10:20 of 3rd period - Shot Misses the Net.
10:24 of 3rd period - Wrist shot by Tim Conboy.
10:24 of 3rd period - Stopped by Martin Biron with a rebound.
10:26 of 3rd period - Snap shot by Evgeny Grachev.
10:26 of 3rd period - Stopped by Martin Biron without a rebound.
10:27 of 3rd period - Matt Cullen wins face-off versus Sam Gagner in Blackdemons zone.
10:36 of 3rd period - Sam Gagner is hit by Chris Lawrence and loses puck.
10:45 of 3rd period - Matt Hunwick is hit by Matt Cullen.
11:17 of 3rd period - Slapshot by Chris Butler.
11:17 of 3rd period - Deflect By Alyn McCauley.
11:17 of 3rd period - Stopped by Martin Biron with a rebound.
11:23 of 3rd period - Wrist shot by Kyle Wilson.
11:23 of 3rd period - Shot Misses the Net.
11:25 of 3rd period - Slapshot by Patrick McNeill.
11:25 of 3rd period - Shot Misses the Net.
11:27 of 3rd period - Slapshot by Kyle Wilson.
11:27 of 3rd period - Shot Misses the Net.
12:39 of 3rd period - Icing by Brendon Nash.
12:40 of 3rd period - Sam Gagner wins face-off versus Zack Smith in Blackdemons zone.
12:40 of 3rd period - Sam Gagner is hit by Kyle Wilson.
13:36 of 3rd period - Kyle Wilson is hit by Shawn Matthias and loses puck.
13:41 of 3rd period - Backhand shot by Barry Tallackson.
13:41 of 3rd period - Deflect By Bobby Sanguinetti.
13:41 of 3rd period - Stopped by Antti Raanta without a rebound.
13:42 of 3rd period - Evgeny Grachev wins face-off versus Sam Gagner in Carnivores zone.
15:20 of 3rd period - Minor Penalty to Jordie Benn for Hooking.
15:21 of 3rd period - Matt Cullen wins face-off versus Sam Gagner in Carnivores zone.
16:56 of 3rd period - Andrew MacDonald is hit by Chris Lawrence and loses puck.
17:20 of 3rd period - Penalty to Jordie Benn is over, Jordie Benn is back on ice.
17:38 of 3rd period - Wrist shot by Matt Cullen.
17:38 of 3rd period - Shot Hit the Post.
17:40 of 3rd period - Snap shot by Patrick McNeill.
17:40 of 3rd period - Deflect By Matt Cullen.
17:40 of 3rd period - Shot Misses the Net.
17:40 of 3rd period - Puck is out of play.
17:41 of 3rd period - Steven Zalewski wins face-off versus Evgeny Grachev in Blackdemons zone.
17:45 of 3rd period - Off-side.
17:46 of 3rd period - Evgeny Grachev wins face-off versus Steven Zalewski in neutral zone.
17:49 of 3rd period - Wrist shot by Blake Geoffrion.
17:49 of 3rd period - Shot Blocked by Jakub Kindl.
18:13 of 3rd period - Slapshot by Colton Orr.
18:13 of 3rd period - Shot Misses the Net.
18:15 of 3rd period - Slapshot by Oliver Ekman-Larsson.
18:15 of 3rd period - Stopped by Martin Biron without a rebound.
18:16 of 3rd period - Sam Gagner wins face-off versus Anton Gustafsson in Blackdemons zone.
18:29 of 3rd period - Backhand shot by Colton Orr.
18:29 of 3rd period - Stopped by Martin Biron without a rebound.
18:30 of 3rd period - Shawn Matthias wins face-off versus Evgeny Grachev in Blackdemons zone.
18:43 of 3rd period - Snap shot by Barry Tallackson.
18:43 of 3rd period - Stopped by Antti Raanta with a rebound.
18:45 of 3rd period - Backhand shot by Shawn Matthias.
18:45 of 3rd period - Goal by Shawn Matthias - Blackdemons : 7 - Carnivores : 2.
18:46 of 3rd period - Sam Gagner wins face-off versus Evgeny Grachev in neutral zone.
18:49 of 3rd period - Slapshot by Andrew MacDonald.
18:49 of 3rd period - Shot Blocked by Tim Conboy.
18:51 of 3rd period - Snap shot by Sam Gagner.
18:51 of 3rd period - Shot Misses the Net.
18:53 of 3rd period - Backhand shot by Michael Haley.
18:53 of 3rd period - Goal by Michael Haley - Blackdemons : 8 - Carnivores : 2.
18:54 of 3rd period - Enver Lisin wins face-off versus Evgeny Grachev in neutral zone.
18:57 of 3rd period - Tim Conboy is hit by Michael Haley and loses puck.
19:02 of 3rd period - Wrist shot by Enver Lisin.
19:02 of 3rd period - Shot Misses the Net.
19:04 of 3rd period - Snap shot by Michael Haley.
19:04 of 3rd period - Stopped by Antti Raanta with a rebound.
19:06 of 3rd period - Snap shot by Enver Lisin.
19:06 of 3rd period - Stopped by Antti Raanta without a rebound.
19:07 of 3rd period - Sam Gagner wins face-off versus Evgeny Grachev in Carnivores zone.
19:10 of 3rd period - Wrist shot by Enver Lisin.
19:10 of 3rd period - Deflect By Sam Gagner.
19:10 of 3rd period - Shot Blocked by Oliver Ekman-Larsson.
19:10 of 3rd period - Puck is out of play.
19:11 of 3rd period - Evgeny Grachev wins face-off versus Sam Gagner in Carnivores zone.
19:11 of 3rd period - Evgeny Grachev is hit by Michael Haley.
19:17 of 3rd period - Snap shot by Enver Lisin.
19:17 of 3rd period - Stopped by Antti Raanta with a rebound.
19:24 of 3rd period - Michael Haley beats up Blake Geoffrion.
19:24 of 3rd period - Penalty to Blake Geoffrion for Fighting.
19:24 of 3rd period - Penalty to Michael Haley for Fighting.
19:24 of 3rd period - Penalty to Michael Haley for instigated a fight.
19:24 of 3rd period - Penalty to Michael Haley for instigated a fight.
19:25 of 3rd period - Wayne Primeau wins face-off versus Matt Cullen in Carnivores zone.
19:36 of 3rd period - Snap shot by Wayne Primeau.
19:36 of 3rd period - Deflect By Kyle Wilson.
19:36 of 3rd period - Shot Misses the Net.
19:36 of 3rd period - Puck is out of play.
19:37 of 3rd period - Matt Cullen wins face-off versus Wayne Primeau in Carnivores zone.
19:37 of 3rd period - Matt Cullen is hit by Wayne Primeau.
19:49 of 3rd period - Slapshot by Matt Cullen.
19:49 of 3rd period - Stopped by Martin Biron without a rebound.
19:50 of 3rd period - Matt Cullen wins face-off versus Wayne Primeau in Blackdemons zone.
Goals for this period are 4 for Blackdemons vs 0 for Carnivores.
Shots for this period are 16 for Blackdemons vs 9 for Carnivores.


Output by the SimonT Hockey Simulator (STHS) for François Prévost -- Original Page W3C XHTML 1.0 Valid
Hockey Simulator - Hockey Simulation - Hockey Manager